 Dungeon Crawl Stone Soup version 0.30-a0-739-gea05faddec (webtiles) character file.

Game seed: 10584035237508707061

84 timneilson the Covered (level 4, -8/28 HPs)
             Began as a Gargoyle Fighter on Feb 5, 2023.
             Mangled by an iguana (9 damage)
             ... on level 3 of the Dungeon.
             The game lasted 00:03:35 (1917 turns).

timneilson the Covered (Gargoyle Fighter)           Turns: 1917, Time: 00:03:36

Health: -8/28      AC: 11    Str: 26    XL:     4   Next: 45%
Magic:  4/4        EV: 10    Int:  8    God:
Gold:   106        SH:  4    Dex: 11    Spells: 3/3 levels left

rFire   . . .      SeeInvis .    a - +1 long sword
rCold   . . .      Faith    .    c - +0 buckler
rNeg    + . .      Spirit   .    b - +0 scale mail
rPois   ∞          Reflect  .    (no helmet)
rElec   +          Harm     .    (no cloak)
rCorr   .          Rampage  .    (no gloves)
Will    .....                    g - +0 pair of boots Stlth
                                 (no amulet)
HPRegen 0.24/turn                e - +6 ring of strength
MPRegen 0.09/turn                (no ring)

@: no status effects
A: sickness immunity, AC +3, negative energy resistance 1, electricity
resistance, torment resistance 1, petrification resistance
a: no special abilities


You were on level 3 of the Dungeon.
You visited 1 branch of the dungeon, and saw 3 of its levels.

You collected 106 gold pieces.

Inventory:

Hand Weapons
 a - a +1 long sword (weapon)
Armour
 b - a +0 scale mail (worn)
 c - a +0 buckler (worn)
 g - a +0 pair of boots (worn)
Jewellery
 e - a +6 ring of strength (left hand)
Potions
 d - 2 potions of might
 f - 3 potions of attraction
 h - a potion of degeneration {unknown}
 l - a potion of lignification


   Skills:
 + Level 3.5 Fighting
 * Level 2.5 Long Blades
 * Level 4.0 Armour
 + Level 0.9 Dodging
 * Level 4.0 Shields


You had 3 spell levels left.
You didn't know any spells.
Your spell library contained the following spells:

 Spells                   Type           Power      Damage    Failure   Level
 Blink                    Tloc           0%         N/A       88%         2
 Lesser Beckoning         Tloc           0%         N/A       88%         2
 Momentum Strike          Conj/Tloc      0%         3d8       88%         2


Dungeon Overview and Level Annotations

Branches:
Dungeon (3/15)

Altars:

Shops:
D:2 ?


Innate Abilities, Weirdness & Mutations

You are immune to sickness and miasma.
Your stone body is resilient. (AC +3)
You are immune to poison.
You resist negative energy. (rN+)
You are resistant to electric shocks. (rElec)
You are resistant to unholy torment.
You are immune to petrification.


Message History

You are too injured to fight recklessly!
You are too injured to fight recklessly!
You are too injured to fight recklessly!
You are too injured to fight recklessly!
You are too injured to fight recklessly!
You are too injured to fight recklessly!
You are too injured to fight recklessly!
You are too injured to fight recklessly!
You are too injured to fight recklessly!
You are too injured to fight recklessly!
You are too injured to fight recklessly!
You are too injured to fight recklessly!
You are too injured to fight recklessly!
You are too injured to fight recklessly!
You are too injured to fight recklessly!
You are too injured to fight recklessly!
You are too injured to fight recklessly!
The kobold attacks as you move away! The kobold barely misses you.
You hit the iguana but do no damage.
The iguana is almost dead.
The iguana bites you.
* * * LOW HITPOINT WARNING * * *
You closely miss the iguana.
The iguana is almost dead.
The iguana closely misses you.
You barely miss the iguana.
The iguana is almost dead.
The iguana completely misses you. You block the iguana's attack.
You hit the iguana.
The iguana is almost dead.
The iguana barely misses you.
You barely miss the iguana.
The iguana is almost dead.
The iguana bites you but does no damage.
You closely miss the iguana.
The iguana is almost dead.
The iguana bites you!
* * * LOW HITPOINT WARNING * * *
The iguana bites you!
You die...

. # .# .. ###..##
###.# ###......
#####J...#
.....##.######..@lK#
.....##.##.....#####
.....##.##.#####
.....##....#
...†..#...<#
.....<..##..#
......#####.#
#..##..## ...
##.###..## ###.


You could see an iguana, an endoplasm and a kobold.

Vanquished Creatures
  Jessica (D:2)
  An adder (D:2)
  5 ball pythons
  A bat (D:2)
  5 endoplasms
  2 giant cockroaches
  4 goblins
  5 hobgoblins
  7 jackals
  2 kobolds
  3 quokkas
  2 frilled lizards (D:1)
  4 rats
42 creatures vanquished.

Notes
Turn   | Place    | Note
-------+----------+-------------------------------------------
     0 | D:1      | timneilson the Gargoyle Fighter began the quest for the
                  | Orb.
     0 | D:1      | Reached XP level 1. HP: 14/14 MP: 1/1
   231 | D:1      | Reached XP level 2. HP: 16/19 MP: 2/2
   609 | D:1      | Reached XP level 3. HP: 23/23 MP: 3/3
  1070 | D:2      | Noticed Jessica
  1078 | D:2      | Killed Jessica
  1079 | D:2      | Reached XP level 4. HP: 11/28 MP: 4/4
  1301 | D:2      | Found The Oracle's Delphic Readings.
  1917 | D:3      | HP: 1/28 [iguana (8)]
  1917 | D:3      | Mangled by an iguana

Illustrated notes

Levels and vault maps discovered:
D:1:      dpeg_arrival_radiant, layout_basic, chequers_serial_rivers_marsh,
          chequers_serial_rivers_micro_d
D:2:      minmay_door_path, layout_basic, nicolae_nh_oracle_at_delphi,
          uniq_jessica
D:3:      layout_rooms, serial_shops, nicolae_shop_trees

Skill      XL: |  1  2  3  4 |
---------------+-------------+-----
Long Blades    | 2 |  2.5
Armour         | 4 |  4.0
Shields        | 4 |  4.0
Fighting       | |  3.5
Dodging        | |  0.9

Action                     |  1- 3 |  4- 6 || total
---------------------------+-------+-------++-------
  Melee: Long sword        |    72 |    69 ||   141
    Use: Scroll            |     2 |     4 ||     6
 Armour: Scale mail        |    32 |    45 ||    77
  Dodge: Dodged            |    34 |    41 ||    75
  Block: Buckler           |    18 |    20 ||    38

Table legend: (Time is in decaauts)
 A = Elapsed time spent in this place.
 B = Non-inter-level travel time spent in this place.
 C = Inter-level travel time spent in this place.
 D = Time resting spent in this place.
 E = Time spent auto-exploring this place.
 F = Levels seen in this place.
 G = Mean time per level.
                   A        B        C        D        E       F      G
               +--------+--------+--------+--------+--------+-----+--------+
         Total |   1964 |   1893 |     71 |      0 |   1531 |   3 |  654.7 |
       Dungeon |   1964 |   1893 |     71 |      0 |   1531 |   3 |  654.7 |
               +--------+--------+--------+--------+--------+-----+--------+

Top non-repeatable levels by time:
     D:2: 992 daAuts
     D:1: 896 daAuts
     D:3: 75 daAuts
